 Dungeon Crawl Stone Soup version 0.22-a0-433-gd2a9cce0b5 (webtiles) character file.

3942 JackS81 the Thaumaturge (level 10, -3/56 HPs)
             Began as a Deep Elf Earth Elementalist on May 21, 2018.
             Was a Priest of Vehumet.
             Slain by a hippogriff (6 damage)
             ... on level 11 of the Dungeon on May 28, 2018.
             The game lasted 01:04:19 (10709 turns).

JackS81 the Thaumaturge (DEEE)                     Turns: 10709, Time: 01:04:19

Health: -3/56      AC:  3    Str:  6    XL:     10   Next: 1%
Magic:  1/24       EV: 16    Int: 24    God:    Vehumet [***...]
Gold:   650        SH:  0    Dex: 17    Spells: 6/26 levels left

rFire    . . .     SeeInvis +   z - +6 whip of Polo {speed, +Blink rElec rC++ SInv}
rCold    + + .     Gourm    .   (no shield)
rNeg     . . .     Faith    .   c - +0 robe
rPois    .         Spirit   .   a - +0 hat
rElec    +         Reflect  .   B - +0 cloak
rCorr    .         Harm     .   (no gloves)
MR       +....                  (no boots)
Stlth    ++........             (no amulet)
HPRegen  0.18/turn              l - +3 ring of intelligence
MPRegen  0.19/turn              (no ring)

@: no status effects
A: no striking features
a: Renounce Religion, Evoke Blink


You were on level 11 of the Dungeon.
You worshipped Vehumet.
Vehumet was most pleased with you.
You were not hungry.

You visited 2 branches of the dungeon, and saw 10 of its levels.
You also visited: Ossuary.

You collected 650 gold pieces.

Inventory:

Hand Weapons
 b - a cursed -3 shortbow
 g - a +1 dagger
 z - the +6 whip of Polo (weapon) {speed, +Blink rElec rC++ SInv}
   (You found it on level 4 of the Dungeon)

   Attacks with this weapon are significantly faster.
   It greatly protects you from cold.
   It insulates you from electricity.
   It lets you see invisible.
   It lets you blink.
Missiles
 e - 92 arrows
 f - 28 sling bullets
 h - 2 needles of sleeping
 t - 61 poisoned needles
 y - 63 bolts
 G - 7 stones (quivered)
Armour
 a - a +0 hat (worn)
 c - a +0 robe (worn)
 B - a +0 cloak (worn)
Jewellery
 l - a +3 ring of intelligence (left hand)
Wands
 H - a wand of paralysis (11)
 J - a wand of digging (8)
 L - a wand of acid (5)
Scrolls
 i - 2 scrolls of blinking {unknown}
 n - 2 scrolls of identify
 o - 2 scrolls of fear {unknown}
 v - 5 scrolls of remove curse
 x - 3 scrolls of teleportation
 A - a scroll of noise {unknown}
 C - 3 scrolls of magic mapping {unknown}
 E - 2 scrolls of enchant armour {unknown}
 F - a scroll of holy word {unknown}
 M - a scroll of vulnerability {unknown}
Potions
 j - a potion of resistance {unknown}
 k - 2 potions of brilliance
 m - 5 potions of haste
 p - 2 potions of heal wounds
 q - 2 potions of cancellation
 r - a potion of magic
 s - a potion of might {unknown}
 u - 2 potions of flight {unknown}
 w - a potion of lignification {unknown}
 D - 2 potions of curing
 I - a potion of ambrosia {unknown}
Comestibles
 d - 10 rations


   Skills:
 * Level 3.4 Fighting
 - Level 0.5 Short Blades
 * Level 3.0 Maces & Flails
 * Level 6.6 Dodging
 - Level 3.0 Stealth
 + Level 8.6 Spellcasting
 * Level 7.0 Conjurations
 - Level 2.2 Hexes
 * Level 3.6 Necromancy
 - Level 1.1 Transmutations
 + Level 8.0 Earth Magic


You had 6 spell levels left.
You knew the following spells:

 Your Spells              Type           Power        Failure   Level  Hunger
a - Sandblast             Erth           #####.       1%          1    None
b - Stone Arrow           Conj/Erth      #####.       1%          3    None
c - Lee's Rapid Deconstr  Erth           #####.....   1%          5    ####...
d - Passwall              Tmut/Erth      ####....     1%          2    None
e - Confuse               Hex            ###.....     7%          3    None
f - Shock                 Conj/Air       ####         1%          1    None
g - Borgnjor's Vile Clut  Necr/Erth      #####.....   16%         5    ####...

Your spell library contained the following spells:

 Spells                   Type           Power        Failure   Level  Hunger
 Summon Small Mammal      Summ           ##..         6%          1    None
 Bolt of Draining         Conj/Necr      #####.....   5%          5    ####...
 Pain                     Necr           ####         1%          1    None
 Summon Ice Beast         Ice/Summ       ##......     52%         4    ##.....
 Call Imp                 Summ           ##......     10%         2    None
 Sublimation of Blood     Necr           ####......   1%          2    None
 Confusing Touch          Hex            ###...       2%          1    None
 Call Canine Familiar     Summ           ##......     19%         3    None
 Metabolic Englaciation   Hex/Ice        ###.......   71%         5    ####...
 Excruciating Wounds      Chrm/Necr      ###.......   63%         5    ####...
 Petrify                  Tmut/Erth      ####....     9%          4    ##.....
 Summon Lightning Spire   Summ/Air       ##......     52%         4    ##.....
 Summon Guardian Golem    Hex/Summ       ###.....     12%         3    None
 Gell's Gravitas          Tloc           ##........   19%         3    None
 Yara's Violent Unravell  Hex/Tmut       ###.......   21%         5    ####...


Dungeon Overview and Level Annotations

Branches:
Dungeon (8/15)             Temple (1/1) D:4
   Lair: D:8-11

Altars:
Ashenzari
Cheibriados
Dithmenos
Elyvilon
Fedhas
Gozag
Hepliaklqana
Kikubaaqudgha
Makhleb
Nemelex Xobeh
Okawaru
Qazlal
Ru
Sif Muna
Trog
Uskayaw
Vehumet
Wu Jian
Xom
Yredelemnul
Zin
The Shining One

Shops:
D:4 ?


Message History

You whack the hippogriff!
The hippogriff is severely wounded.
You hit the hippogriff.
The hippogriff is severely wounded.
The hippogriff closely misses you. The hippogriff pecks you.
* * * LOW HITPOINT WARNING * * *
The hippogriff completely misses you.
You whack the hippogriff!
The hippogriff is almost dead.
The hippogriff completely misses you. The hippogriff misses you.
The hippogriff claws you.
* * * LOW HITPOINT WARNING * * *
You hit the hippogriff.
The hippogriff is almost dead.
You hit the hippogriff but do no damage.
The hippogriff is almost dead.
The hippogriff bites you!
* * * LOW HITPOINT WARNING * * *
The hippogriff closely misses you. The hippogriff claws you.
You die...

...#############
.......@H......#
#
##############.#
# ###)#### #
#..)†..######
....o...)..Y.....
#####.##.#.######
#. ...# # #. #..#
# # ... .


You could see a hippogriff.

Vanquished Creatures
  Maurice (D:8)
  A water moccasin (D:8)
  2 black bears
  5 orc warriors
  3 ice beasts
  A sky beast (D:5)
  4 phantoms
  2 ogres
  2 centaurs
  2 elf zombies (Ossuary)
  2 bullfrogs
  A wyvern zombie (D:8)
  3 scorpions
  2 howler monkeys (D:7)
  A lava snake (D:8)
  3 crimson imps (D:7)
  2 centaur zombies (Ossuary)
  A human zombie (Ossuary)
  5 hounds
  2 jellies
  5 orc priests
  Crazy Yiuf (D:4)
  2 bullfrog skeletons
  An iguana (D:4)
  2 orc wizards
  5 worker ants
  2 big kobold zombies (Ossuary)
  A hound zombie (Ossuary)
  3 mummies (Ossuary)
  4 gnolls (D:8)
  10 adders
  A howler monkey skeleton (D:4)
  2 shadow imps
  An ooze (D:4)
  4 adder zombies (Ossuary)
  4 adder skeletons
  3 worms
  6 leopard geckos
  17 orcs
  5 giant cockroaches
  6 goblins
  8 hobgoblins
  12 jackals
  4 kobolds
  2 quokkas
  7 bats
  6 frilled lizards
  A gnoll zombie (Ossuary)
  7 goblin zombies (Ossuary)
  7 hobgoblin zombies (Ossuary)
  A jackal skeleton (D:5)
  3 jackal zombies (Ossuary)
  A kobold zombie (Ossuary)
  An orc zombie (Ossuary)
  4 quokka zombies (Ossuary)
  3 rats
  2 rat zombies (D:5)
199 creatures vanquished.

Notes
Turn   | Place    | Note
-------+----------+-------------------------------------------
     0 | D:1      | JackS81 the Deep Elf Earth Elementalist began the quest for the Orb.
     0 | D:1      | Reached XP level 1. HP: 10/10 MP: 6/6
   260 | D:1      | Reached XP level 2. HP: 15/15 MP: 6/8
  1026 | D:2      | Reached XP level 3. HP: 19/19 MP: 7/9
  1042 | D:2      | Learned a level 3 spell: Stone Arrow
  2120 | D:3      | Reached XP level 4. HP: 24/24 MP: 2/11
  2798 | D:3      | Reached skill level 1 in Conjurations
  2819 | D:3      | Noticed a phantom
  2862 | D:3      | Killed a phantom
  2862 | D:3      | Reached skill level 5 in Earth Magic
  2862 | D:3      | Reached XP level 5. HP: 26/28 MP: 6/13
  2869 | D:3      | Learned a level 5 spell: Lee's Rapid Deconstruction
  3108 | D:4      | Reached XP level 6. HP: 32/32 MP: 0/15
  3590 | D:4      | Reached skill level 5 in Spellcasting
  3685 | D:4      | Got a bone whip
  3688 | D:4      | Identified the +6 whip of Polo {speed, +Blink rElec rC++ SInv} (You found it on level 4 of the Dungeon)
  3700 | D:4      | Found a staircase to the Ecumenical Temple.
  3710 | Temple   | Entered the Ecumenical Temple
  3980 | Temple   | Became a worshipper of Vehumet
  4276 | D:4      | Noticed an orc warrior
  4313 | D:4      | Killed an orc warrior
  4313 | D:4      | Reached XP level 7. HP: 4/37 MP: 3/17
  4660 | D:4      | Found a runed door.
  4706 | D:4      | Found a glowing golden altar of the Shining One.
  4848 | D:4      | Found Imepnooth's Magic Scroll Emporium.
  4918 | D:4      | Learned a level 2 spell: Passwall
  4919 | D:4      | Noticed Crazy Yiuf
  4922 | D:4      | Killed Crazy Yiuf
  4962 | D:5      | Entered Level 5 of the Dungeon
  5100 | D:5      | Reached skill level 1 in Maces & Flails
  5119 | D:5      | Reached skill level 1 in Fighting
  5293 | D:5      | Found a sand-covered staircase.
  5301 | D:5      | Reached XP level 8. HP: 40/43 MP: 9/19
  5303 | Ossuary  | Entered an ossuary
  5391 | Ossuary  | Reached * piety under Vehumet
  5391 | Ossuary  | Offered knowledge of Shock by Vehumet.
  5396 | Ossuary  | Learned a level 3 spell: Confuse
  5398 | Ossuary  | Learned a level 1 spell: Shock
  6111 | Ossuary  | Reached skill level 1 in Hexes
  6331 | Ossuary  | Offered knowledge of Freeze by Vehumet.
  6343 | Ossuary  | Reached ** piety under Vehumet
  6343 | Ossuary  | Reached skill level 5 in Dodging
  6795 | D:5      | Identified the Reference Book on Evil
  6813 | D:5      | Reached skill level 5 in Conjurations
  7018 | D:6      | Learned a level 5 spell: Borgnjor's Vile Clutch
  7332 | D:6      | Reached skill level 1 in Necromancy
  7344 | D:6      | Reached XP level 9. HP: 37/48 MP: 2/22
  8346 | D:7      | Offered knowledge of Throw Frost by Vehumet.
  9497 | D:8      | Noticed Maurice
  9512 | D:8      | Killed Maurice
  9903 | D:8      | Reached *** piety under Vehumet
 10016 | D:8      | Upgraded the game from 0.22-a0-422-g9628fc87f1 to 0.22-a0-425-g89d60a11d8
 10016 | D:8      | Upgraded the game from 0.22-a0-425-g89d60a11d8 to 0.22-a0-430-g6609fc65db
 10658 | D:8      | You fall through a shaft for 3 floors!
 10661 | D:11     | Noticed a troll
 10679 | D:11     | Reached XP level 10. HP: 27/56 MP: 4/24
 10709 | D:11     | Slain by a hippogriff

Vault maps used:
D:1:      minmay_arrival_four_houses
D:4:      tso_altar, serial_shops, kennysheep_little_box,
          uniq_crazy_yiuf_cottage
D:5:      first_ration, enter_ossuary_4
D:8:      grunt_pizzeria, nicolae_lava_and_water, uniq_maurice
D:11:     gammafunk_corrupted_shrine
Temple:   compressed_dpeg_triangle_lava_temple
Ossuary:  minmay_ossuary_two_tombs

Skill      XL: |  1  2  3  4  5  6  7  8  9 |
---------------+----------------------------+-----
Earth Magic    | 4 5 6 7 8 |  8.0
Dodging        | 3 4 5 6 |  6.6
Conjurations   | 1 2 3 4 5 7 |  7.0
Stealth        | 3 |  3.0
Spellcasting   | 4 5 6 7 8 |  8.6
Maces & Flails | 1 2 3 |  3.0
Fighting       | 1 2 3 |  3.4
Hexes          | 2 |  2.2
Necromancy     | 1 3 |  3.6
Short Blades   | |  0.5
Transmutations | |  1.1

Action                   |  1- 3 |  4- 6 |  7- 9 | 10-12 || total
-------------------------+-------+-------+-------+-------++-------
Melee: Dagger            |     2 |     1 |       |       ||     3
       Whip              |       |     1 |    53 |     6 ||    60
 Cast: Sandblast         |    35 |    24 |    38 |       ||    97
       Stone Arrow       |    18 |    44 |   161 |     4 ||   227
       Lee's Rapid Decon |       |     1 |       |       ||     1
       Shock             |       |       |     5 |       ||     5
       Borgnjor's Vile C |       |       |     3 |       ||     3
  Use: Scroll            |     2 |     4 |     6 |       ||    12
       Potion            |       |       |     2 |     1 ||     3
 Stab: Sleeping          |     1 |       |       |       ||     1
  Eat: Chunk             |     5 |     6 |    10 |       ||    21
       Ration            |       |     1 |     3 |       ||     4
Armor: Robe              |     1 |     3 |     2 |       ||     6
Dodge: Dodged            |     3 |    10 |    40 |    10 ||    63

Table legend:
 A = Spawn XP
 B = Non-spawn XP
 C = Spawn XP percentage of total XP
 D = Spawn monster count
 E = Non-spawn monster count
 F = Spawn count percentage of total count
 G = Total turns spent on level
                    A         B        C        D         E        F      G
               +---------+---------+-------+---------+---------+-------+---------
         Total |       0 |    5632 |   0.0 |       0 |     199 |   0.0 | 10709
               +---------+---------+-------+---------+---------+-------+---------
           D:1 |       0 |      34 |   0.0 |       0 |      18 |   0.0 |   966
           D:2 |       0 |      61 |   0.0 |       0 |      20 |   0.0 |  1060
           D:3 |       0 |     200 |   0.0 |       0 |      16 |   0.0 |   970
           D:4 |       0 |     756 |   0.0 |       0 |      26 |   0.0 |  1676
           D:5 |       0 |     788 |   0.0 |       0 |      15 |   0.0 |   735
           D:6 |       0 |     694 |   0.0 |       0 |      20 |   0.0 |  1146
           D:7 |       0 |     650 |   0.0 |       0 |      17 |   0.0 |  1026
           D:8 |       0 |    1525 |   0.0 |       0 |      20 |   0.0 |  1475
          D:11 |       0 |     424 |   0.0 |       0 |       8 |   0.0 |    51
       Ossuary |       0 |     500 |   0.0 |       0 |      39 |   0.0 |  1314
               +---------+---------+-------+---------+---------+-------+---------
